 Dungeon Crawl Stone Soup version 0.18-a0-1643-gb89d9db (webtiles) character file.

146 Magnus the Shooter (level 5, 0/33 HPs)
             Began as a High Elf Arcane Marksman on Mar 28, 2016.
             Slain by a hound (4 damage)
             ... on level 4 of the Dungeon.
             The game lasted 00:54:39 (2387 turns).

Magnus the Shooter (High Elf Arcane Marksman)       Turns: 2387, Time: 00:54:40

Health: 0/33       AC:  4    Str: 10    XL:     5   Next: 7%
Magic:  19/19      EV: 13    Int: 17    God:
Gold:   117        SH:  0    Dex: 15    Spells: 3 memorised, 3 levels left

rFire  . . .     SeeInvis .     i - +0 dagger (venom)
rCold  . . .     Gourm    .     b - +0 robe
rNeg   . . .     Faith    .     (no shield)
rPois  .         Spirit   .     B - +0 helmet (curse)
rElec  .         Dismiss  .     d - +0 cloak
rCorr  .         Reflect  .     (no gloves)
SustAt .         Harm     .     (no boots)
MR     .....                    (no amulet)
Stlth  +.........               (no ring)
                                j - ring of magical power

@: lethally poisoned (0 -> -8), not resistant to hostile enchantments, very
unstealthy
A: no striking features
a: no special abilities


You were on level 4 of the Dungeon.
You were hungry.

You visited 1 branch of the dungeon, and saw 4 of its levels.

You collected 117 gold pieces.

Inventory:

Hand Weapons
 a - a +0 shortbow
 i - a +0 dagger of venom (weapon)
Armour
 b - a +0 robe (worn)
 d - a +0 cloak (worn)
 B - a cursed +0 helmet (worn)
Jewellery
 j - a ring of magical power (left hand)
 s - an uncursed amulet of the gourmand {unknown}
 y - an uncursed amulet of faith {unknown}
 C - an uncursed ring of protection from fire {unknown}
Scrolls
 k - 3 scrolls of remove curse
 n - a scroll of random uselessness {unknown}
 v - a scroll of teleportation {unknown}
 w - a scroll of magic mapping {unknown}
 x - a scroll of identify
 A - a scroll of fog {unknown}
 D - a scroll of amnesia {unknown}
Potions
 e - 2 potions of mutation {unknown}
 g - a potion of might {unknown}
 m - a potion of haste {unknown}
 o - a potion of brilliance {unknown}
 p - 2 potions of curing {unknown}
 q - a potion of degeneration {unknown}
 r - 2 potions of ambrosia {unknown}
 u - a potion of agility {unknown}
 E - a potion of berserk rage {unknown}
Books
 c - a book of Debilitation

   Spells                             Type                      Level
   a - Corona                         Hexes                        1
   b - Slow                           Hexes                        2
   c - Gell's Gravitas                Hexes/Translocation          3
   d - Inner Flame                    Hexes/Fire                   3
   e - Cause Fear                     Hexes                        4
   f - Leda's Liquefaction            Hexes/Earth                  4
Comestibles
 f - 3 bread rations
 h - 3 royal jellies
 l - 6 chunks of flesh
 t - a meat ration


   Skills:
 - Level 1.0 Fighting
 + Level 4.0 Bows
 + Level 3.5 Dodging
 + Level 2.9 Spellcasting
 + Level 3.8 Hexes


You had 3 spell levels left.
You knew the following spells:

 Your Spells              Type           Power        Failure   Level  Hunger
a - Corona                Hex            ###....      3%          1    #......
b - Slow                  Hex            ###.....     6%          2    ##.....
c - Gell's Gravitas       Hex/Tloc       #.........   24%         3    ###....


Dungeon Overview and Level Annotations

Branches:
Dungeon (4/15)
 Temple: D:4-7

Altars:
Sif Muna

Annotations:
D:3 Oper80's ghost, amateur DsCK; Robin
D:4 Natasha


Message History

You hit the hound.
The hound is moderately wounded.
You feel sick. The hound bites you but does no damage.
You miss the hound.
The hound is moderately wounded.
You feel sick. The hound misses you. The hound barely misses you.
You completely miss the hound.
The hound is moderately wounded.
You are feeling hungry.
* * * LOW HITPOINT WARNING * * *
You feel sick. The hound closely misses you.
You miss the hound.
The hound is moderately wounded.
* * * LOW HITPOINT WARNING * * *
You feel sick. The hound completely misses you. The hound bites you.
* * * LOW HITPOINT WARNING * * *
You closely miss the hound.
The hound is moderately wounded.
The hound bites you.
You die...

........ ....#.
(.(.. .. #... ..
#(.##.#...
##..#.....#
#...#.#.#.#
#h#.#.#...#
##@#....).#
#.....#..##
##........#####
#..............
##.#......#.....
#######
#..#.....## ....
#.....# #.##.....#
...
#.....###.##.....#
#.....##..####.###
...h


You could see a hound.

Vanquished Creatures
  Crazy Yiuf (D:2)
  Jessica (D:2)
  An adder (D:4)
  2 oozes
  3 dart slugs
  A giant gecko (D:1)
  2 orcs (D:3)
  7 bats
  9 giant cockroaches
  8 goblins
  3 hobgoblins
  9 jackals
  3 quokkas
  2 ball pythons
  2 giant newts
  7 rats
61 creatures vanquished.

Notes
Turn   | Place    | Note
--------------------------------------------------------------
     0 | D:1      | Magnus the High Elf Arcane Marksman began the quest for the Orb.
     0 | D:1      | Reached XP level 1. HP: 13/13 MP: 3/3
   144 | D:1      | Reached XP level 2. HP: 16/18 MP: 3/5
   215 | D:1      | Reached skill level 3 in Bows
   384 | D:1      | Learned a level 2 spell: Slow
   600 | D:1      | Reached XP level 3. HP: 12/23 MP: 2/6
   770 | D:1      | Learned a level 3 spell: Gell's Gravitas
   772 | D:2      | Noticed Jessica
   779 | D:2      | Killed Jessica
  1348 | D:2      | Reached XP level 4. HP: 28/28 MP: 4/8
  1417 | D:2      | Found a deep blue altar of Sif Muna.
  1577 | D:2      | Noticed Crazy Yiuf
  1604 | D:2      | Killed Crazy Yiuf
  1884 | D:3      | Noticed Robin
  2298 | D:3      | Noticed Oper80's ghost (amateur DsCK)
  2302 | D:4      | Noticed Natasha
  2336 | D:4      | Reached skill level 4 in Bows
  2336 | D:4      | Reached XP level 5. HP: 27/33 MP: 10/10
  2387 | D:4      | Slain by a hound

Vault maps used:
D:1:      saegor_arrival_simple_a
D:2:      lemuel_blue_sif_altar, uniq_jessica, uniq_crazy_yiuf_cottage
D:3:      uniq_robin
D:4:      lemuel_temple_firewalk_marked, first_bread, uniq_natasha

Skill      XL: |  1  2  3  4 |
---------------+-------------+-----
Bows           | 3 4 |  4.0
Spellcasting   | 2 |  2.9
Dodging        | 3 |  3.5
Fighting       | |  1.0
Hexes          | |  3.8

Action                   |  1- 3 |  4- 6 || total
-------------------------+-------+-------++-------
Melee: Dagger            |       |    99 ||    99
 Fire: Shortbow          |    99 |    16 ||   115
 Cast: Corona            |    13 |       ||    13
       Slow              |     3 |     2 ||     5
       Gell's Gravitas   |     1 |       ||     1
  Use: Scroll            |     1 |     2 ||     3
 Stab: Sleeping          |       |     2 ||     2
  Eat: Chunk             |     1 |     4 ||     5
